 Dungeon Crawl Stone Soup version 0.27-a0-1378-gdefffd1ff6 (webtiles) character file.

Game seed: 13222726820281885750

56 night the Stinger (level 3, -6/21 HPs)
             Began as an Octopode Venom Mage on June 29, 2021.
             Mangled by Sigmund (12 damage)
             ... on level 2 of the Dungeon.
             The game lasted 00:04:18 (1727 turns).

night the Stinger (Octopode Venom Mage)             Turns: 1727, Time: 00:04:18

Health: -6/21      AC:  1    Str:  7    XL:     3   Next: 95%
Magic:  4/7        EV: 12    Int: 18    God:
Gold:   21         SH:  0    Dex: 12    Spells: 1/8 levels left

rFire    . . .     SeeInvis .   b - +0 dagger
rCold    . . .     Faith    .   a - +0 buckler
rNeg     . . .     Spirit   .   (helmet restricted)
rPois    .         Reflect  .   (no amulet)
rElec    .         Harm     .   (no ring)
rCorr    .         Rampage  .   (no ring)
Will     .....                  (no ring)
Stlth    ++........             (no ring)
HPRegen  0.07/turn              (no ring)
MPRegen  0.10/turn              (no ring)
                                (no ring)
                                (no ring)

@: confused
A: almost no armour, amphibious, 8 rings, camouflage 1, gelatinous body 1,
(nimble swimmer 1), tentacles
a: no special abilities


You were on level 2 of the Dungeon.
You visited 1 branch of the dungeon, and saw 2 of its levels.

You collected 21 gold pieces.

Inventory:

Hand Weapons
 b - a +0 dagger (weapon)
Missiles
 f - 22 stones
Armour
 a - a +0 buckler (worn)
Potions
 c - a potion of attraction {unknown}
 d - a potion of curing {unknown}
 e - a potion of cancellation {unknown}


   Skills:
 - Level 2.0 Dodging
 - Level 2.6 Stealth
 + Level 3.0 Spellcasting
 - Level 1.0 Transmutations
 + Level 4.7 Poison Magic


You had one spell level left.
You knew the following spells:

 Your Spells              Type           Power      Damage    Failure   Level
a - Sting                 Tmut/Pois      52%        1d5       9%          1
c - Ignite Poison         Fire/Tmut/Pois 9%         N/A       36%         3
e - Mephitic Cloud        Conj/Pois/Air  8%         N/A       38%         3

Your spell library contained the following spells:

 Spells                   Type           Power      Damage    Failure   Level
 Poisonous Vapours        Pois/Air       22%        N/A       16%         2
 Olgreb's Toxic Radiance  Pois           20%        N/A       36%         4


Dungeon Overview and Level Annotations

Branches:
Dungeon (2/15)

Altars:

Annotations:
D:2 Sigmund


Innate Abilities, Weirdness & Mutations

You cannot wear most types of armour.
You are amphibious.
You can wear up to eight rings at the same time.
Your skin changes colour to match your surroundings (Stealth+).
Your rubbery body absorbs attacks. (AC +1, EV +1)
((You are camouflaged near water. (Stealth+)))
You have tentacles for arms and can constrict up to eight enemies at once.


Message History

Casting: Sting (safe; 9% risk of failure)
Confirm with . or Enter, or press ? or * to list all spells.
Aiming: Sting (safe; 9% risk of failure)
Press: ? - help, Shift-Dir - straight line, f/p - Sigmund
Aim: Sigmund, wielding a +0 scythe and wearing a +0 robe (lightly wounded, poisoned, 68% to hit)
You miscast Sting.
You are very lightly contaminated with residual magic.
Nothing appears to happen.
Sigmund closely misses you. You block the bat's attack.
Casting: Sting (safe; 9% risk of failure)
Confirm with . or Enter, or press ? or * to list all spells.
Aiming: Sting (safe; 9% risk of failure)
Press: ? - help, Shift-Dir - straight line, f/p - Sigmund
Aim: Sigmund, wielding a +0 scythe and wearing a +0 robe (lightly wounded, poisoned, 68% to hit)
The sting misses Sigmund.
The bat hits you.
Sigmund points at you and mumbles some strange words.
The magic dart hits you! The bat hits you but does no damage.
Casting: Sting (safe; 9% risk of failure)
Confirm with . or Enter, or press ? or * to list all spells.
Aiming: Sting (safe; 9% risk of failure)
Press: ? - help, Shift-Dir - straight line, f/p - Sigmund
Aim: Sigmund, wielding a +0 scythe and wearing a +0 robe (moderately wounded, poisoned, 68% to hit)
The sting misses Sigmund.
You block the bat's attack. Sigmund barely misses you.
The bat closely misses you. The bat hits you but does no damage.
The bat hits you.
Your magical contamination has completely faded away.
Sigmund looks more healthy.
The bat misses you. Sigmund gestures at you while chanting.
You are confused.
The bat hits you.
There is a stone staircase leading up here.
The bat closely misses you.
In your confused state, you trip and fall back down the stairs.
The bat hits you. x2
* * * LOW HITPOINT WARNING * * *
Sigmund hits you from afar with a +0 scythe!
Ouch! That really hurt!
You die...

+!.....?..#........
#........'........
#........#........
##..#.....##...###..
....................
##....#........#...
.###.####@.......#.##
.....#....b.........##
.........@............
####..##.#...#.#.###
#######...#.#.......##
#<†.).....#.#........#
#######...#.#.....#..#
#.†.......#.#....
#..#..#...#.# ...
#..#..#....... .
#..##.#.#.####


You could see Sigmund and a bat.

Vanquished Creatures
  4 dart slugs
  An orc (D:2)
  A ball python (D:1)
  6 bats
  3 endoplasms (D:1)
  2 giant cockroaches
  7 goblins (D:1)
  2 hobgoblins (D:1)
  7 jackals
  2 quokkas (D:1)
  2 frilled lizards
  2 kobolds (D:1)
  A rat (D:1)
40 creatures vanquished.

Notes
Turn   | Place    | Note
-------+----------+-------------------------------------------
     0 | D:1      | night the Octopode Venom Mage began the quest for the Orb.
     0 | D:1      | Reached XP level 1. HP: 11/11 MP: 3/3
   131 | D:1      | Reached XP level 2. HP: 17/17 MP: 3/5
   170 | D:1      | Reached skill level 4 in Poison Magic
   425 | D:1      | Found a faded altar of an unknown god.
   640 | D:1      | Reached XP level 3. HP: 13/21 MP: 3/6
   948 | D:1      | Learned a level 3 spell: Ignite Poison
   952 | D:1      | Learned a level 3 spell: Mephitic Cloud
  1698 | D:2      | Noticed Sigmund
  1727 | D:2      | Mangled by Sigmund

Illustrated notes

Levels and vault maps discovered:
D:1:      saegor_arrival_simple_d, layout_basic,
          hellmonk_ecumenical_altar_slurped_away
D:2:      layout_basic, minmay_tromino_v2, uniq_sigmund, uniq_natasha

Skill      XL: |  1  2  3 |
---------------+----------+-----
Poison Magic   | 4 |  4.7
Spellcasting   | 3 |  3.0
Dodging        | |  2.0
Stealth        | |  2.6
Transmutations | |  1.0

Action                   || total
-------------------------++-------
Melee: Unarmed           ||    40
       Tentacles         ||    14
       Constrict         ||    18
       Dagger            ||    34
 Cast: Sting             ||    27
  Use: Scroll            ||     4
 Stab: Sleeping          ||     4
Armor: Skin              ||    10
Dodge: Dodged            ||    57
Block: Buckler           ||     7

Table legend: (Time is in decaauts)
 A = Elapsed time spent in this place.
 B = Non-inter-level travel time spent in this place.
 C = Inter-level travel time spent in this place.
 D = Time resting spent in this place.
 E = Time spent auto-exploring this place.
 F = Levels seen in this place.
 G = Mean time per level.
                   A        B        C        D        E       F      G
               +--------+--------+--------+--------+--------+-----+--------+
         Total |   1728 |   1668 |     60 |    431 |    926 |   2 |  864.0 |
       Dungeon |   1728 |   1668 |     60 |    431 |    926 |   2 |  864.0 |
               +--------+--------+--------+--------+--------+-----+--------+

Top non-repeatable levels by time:
     D:1: 1451 daAuts
     D:2: 277 daAuts
